 Dungeon Sprint DCSS version 0.22-a0-69-g116c2a8 (webtiles) character file.

6328 Kidiri the Grappler (level 10, -14/90 HPs)
             Began as a Yellow Draconian Transmuter on Jan 11, 2018.
             Was a High Priest of Sif Muna.
             Demolished by a tyrant leech (29 damage)
             ... in the Dungeon (Sprint III: "The Ten Rune Challenge").
             The game lasted 00:11:46 (2826 turns).

Kidiri the Grappler (Yellow Draconian Transmuter)   Turns: 2826, Time: 00:11:47

Health: -14/90     AC:  7    Str: 14    XL:     10   Next: 64%
Magic:  21/24      EV: 18    Int: 14    God:    Sif Muna [*****.]
Gold:   46         SH:  0    Dex: 13    Spells: 4/29 levels left

rFire    . . .     SeeInvis .     - Unarmed
rCold    . . .     Gourm    .   (shield currently unavailable)
rNeg     . . .     Faith    .   (armour unavailable)
rPois    .         Spirit   .   (helmet restricted)
rElec    .         Reflect  .   (no cloak)
rCorr    +         Harm     .   (gloves currently unavailable)
MR       +....     NoTele   +   (no boots)
Stlth    ++++......             (no amulet)
HPRegen  0.25/turn              (no ring)
MPRegen  0.19/turn              (no ring)

@: blade hands
A: spit acid, acid resistance, unfitting armour, horns 1, stinger 1, magic
resistance 1, cold-blooded, AC +7
a: Breathe Acid, End Transformation, Divine Energy, Channel Magic, Forget Spell,
Renounce Religion


You were in the Dungeon.
You worshipped Sif Muna.
Sif Muna was extremely pleased with you.
You were not hungry.
You had blades for hands.
You visited 1 branch You collected 46 gold pieces.

Inventory:

Missiles
 a - 55 arrows
Scrolls
 i - a scroll of blinking
 k - 5 scrolls of remove curse
 l - a scroll of immolation
 p - a scroll of torment {unknown}
Potions
 g - 2 potions of magic
 j - 2 potions of mutation
 n - a potion of cancellation
 o - 2 potions of flight
 q - a potion of agility
Books
 b - Sif Muna's Almanac of Damage Dealing
   (Sif Muna gifted it to you in the Dungeon)

   Spells                             Type                      Level
   a - Iskenderun's Battlesphere      Conjuration/Charms           5
   b - Iron Shot                      Conjuration/Earth            6
   c - Glaciate                       Conjuration/Ice              9
 d - Cunlefuo's Disquisition on the Voyage and Battle Magic
   (Sif Muna gifted it to you in the Dungeon)

   Spells                             Type                      Level
   a - Lightning Bolt                 Conjuration/Air              5
   b - Poison Arrow                   Conjuration/Poison           6
   c - Dispersal                      Translocation                6
   d - Controlled Blink               Translocation                8
 e - a book of Geomancy

   Spells                             Type                      Level
   a - Sandblast                      Earth                        1
   b - Passwall                       Transmutation/Earth          2
   c - Stone Arrow                    Conjuration/Earth            3
   d - Petrify                        Transmutation/Earth          4
   e - Lee's Rapid Deconstruction     Earth                        5
Comestibles
 c - 12 rations


   Skills:
 + Level 8.5 Fighting
 * Level 10.2 Dodging
 + Level 7.7 Stealth
 * Level 11.2 Unarmed Combat
 * Level 10.2 Spellcasting
 + Level 7.9 Transmutations
 + Level 7.2 Ice Magic
 + Level 5.9 Air Magic
 + Level 1.7 Earth Magic
 + Level 7.4 Poison Magic


You had 4 spell levels left.
You knew the following spells:

 Your Spells              Type           Power        Failure   Level  Hunger
a - Beastly Appendage     Tmut           ####..       11%         1    None
b - Sticks to Snakes      Tmut           ####....     12%         2    None
c - Spider Form           Tmut/Pois      ####......   17%         3    #......
d - Ice Form              Ice/Tmut       ####....     32%         4    ###....
e - Blade Hands           Tmut           ####......   47%         5    #####..
f - Mephitic Cloud        Conj/Pois/Air  ###.....     32%         3    #......
g - Blink                 Tloc           N/A          56%         2    None
h - Conjure Flame         Conj/Fire      #.......     73%         3    #......
i - Passwall              Tmut/Erth      ###.......   21%         2    None


Dungeon Overview and Level Annotations

Branches:
Dungeon (1/1)

Altars:
Cheibriados
Dithmenos
Elyvilon
Fedhas
Gozag
Hepliaklqana
Kikubaaqudgha
Makhleb
Nemelex Xobeh
Okawaru
Qazlal
Ru
Sif Muna
Trog
Uskayaw
Vehumet
Wu Jian
Xom
Yredelemnul
Zin
The Shining One
Beogh
Jiyva
Lugonu

Shops:
D (

Annotations:
D exclusion: 2 doors


Innate Abilities, Weirdness & Mutations

You can spit globs of acid.
You are resistant to acid.
Your golden yellow scales are hard. (AC +7)
You cannot fit into any form of body armour.
You are cold-blooded and may be slowed by cold attacks.
You have a pair of small horns on your head.
Your tail ends in a poisonous barb.
You are resistant to hostile enchantments. (MR+)


Message History

The tyrant leech bites you!!
The tyrant leech draws strength from your injuries!
You shred the tyrant leech!!!
The tyrant leech is almost dead.
The tyrant leech bites you!!
The tyrant leech draws strength from your injuries!
You hit the tyrant leech. Your headbutt misses the tyrant leech.
The tyrant leech is severely wounded.
You slash the tyrant leech! You tail-slap the tyrant leech.
The tyrant leech is almost dead.
The tyrant leech bites you!
* * * LOW HITPOINT WARNING * * *
The tyrant leech draws strength from your injuries!
You hit the tyrant leech. You headbutt the tyrant leech.
The tyrant leech is almost dead.
The tyrant leech looks more healthy.
You closely miss the tyrant leech.
The tyrant leech is almost dead.
The tyrant leech bites you!!
You die...

.........#.))#__#...'.#§§§#.#.#..
.........#___#__+...#.#§.§#...#).
▓▓▓▓▓▓▓▓▓▓▓▓▓▓▓▓▓▓▓▓▓▓▓▓▓▓▓▓▓▓▓▓▓
♣♣≈≈≈........≈≈≈..
+♣♣'♣≈≈≈≈≈≈≈≈≈≈≈≈♣♣P
#.≈♣♣♣♣♣♣♣♣♣♣♣♣♣♣♣♣P #..♣♣ ♣♣
###'♣ ♣@# ♣..w## ♣♣.# ♣. ♣


You could see a tyrant leech.

Vanquished Creatures
  Josephine (D)
  A centaur warrior (D)
  An unseen horror (D)
  A deep elf mage (D)
  2 spiny frogs (D)
  A komodo dragon (D)
  A queen bee (D)
  A redback (D)
  A shadow (D)
  3 wandering mushrooms (D)
  A spatial vortex (D)
  A necrophage (D)
  2 centaurs (D)
  An earth elemental (D)
  A water elemental (D)
  32 killer bees (D)
  A jelly (D)
  A wizard (D)
  Jessica (D)
  A necromancer (D)
  3 humans (D)
  A kobold demonologist (D)
  A wolf (D)
  3 rats (D)
63 creatures vanquished.

Vanquished Creatures (others)
  2 draconian scorchers (D)
  6 hellions (D)
  2 yaktaurs (D)
10 creatures vanquished.

Grand Total: 73 creatures vanquished

Notes
Turn   | Place    | Note
-------+----------+-------------------------------------------
     0 | D        | Kidiri the Draconian Transmuter began the quest for the Orb.
     0 | D        | Reached XP level 1. HP: 16/16 MP: 3/3
    32 | D        | Killed a yaktaur
    59 | D        | Killed a yaktaur
    62 | D        | Noticed Jessica
    67 | D        | Killed Jessica
    67 | D        | Reached skill level 1 in Stealth
    67 | D        | Reached skill level 4 in Unarmed Combat
    67 | D        | Reached XP level 2. HP: 21/24 MP: 3/6
    95 | D        | Killed a hellion
    96 | D        | Learned a level 2 spell: Sticks to Snakes
    96 | D        | Killed a hellion
   107 | D        | Reached XP level 3. HP: 17/30 MP: 2/7
   165 | D        | Killed a white draconian scorcher
   184 | D        | Killed a hellion
   198 | D        | Killed a hellion
   199 | D        | Killed a white draconian scorcher
   241 | D        | Learned a level 3 spell: Spider Form
   256 | D        | Killed a hellion
   257 | D        | Killed a hellion
   266 | D        | Gained mutation: You are resistant to hostile enchantments. (MR+) [potion of mutation]
   266 | D        | Gained mutation: You have a pair of small horns on your head. [potion of mutation]
   266 | D        | Gained mutation: Your tail ends in a poisonous barb. [potion of mutation]
   315 | D        | Noticed a water elemental
   324 | D        | Killed a water elemental
   324 | D        | Reached skill level 5 in Unarmed Combat
   324 | D        | Reached skill level 1 in Poison Magic
   324 | D        | Reached XP level 4. HP: 38/38 MP: 2/10
   393 | D        | Learned a level 4 spell: Ice Form
   398 | D        | Found a radiant altar of Vehumet.
   399 | D        | Found a deep blue altar of Sif Muna.
   399 | D        | Found an ancient bone altar of Kikubaaqudgha.
   399 | D        | Noticed a wizard
   400 | D        | Killed a wizard
   400 | D        | Reached XP level 5. HP: 45/45 MP: 7/11
   402 | D        | Reached skill level 1 in Ice Magic
   412 | D        | Became a worshipper of Sif Muna the Loreminder
   442 | D        | Found a glowing silver altar of Zin.
   443 | D        | Found a glowing golden altar of the Shining One.
   443 | D        | Found a white marble altar of Elyvilon.
   443 | D        | Noticed a deep elf mage
   452 | D        | Killed a deep elf mage
   452 | D        | Reached * piety under Sif Muna
   452 | D        | Reached skill level 5 in Fighting
   452 | D        | Reached skill level 7 in Unarmed Combat
   452 | D        | Reached skill level 5 in Transmutations
   452 | D        | Reached XP level 6. HP: 31/56 MP: 11/15
   452 | D        | Your scales start taking on a golden yellow colour.
   452 | D        | Reached XP level 7. HP: 33/61 MP: 11/16
   532 | D        | Learned a level 5 spell: Blade Hands
   536 | D        | Learned a level 3 spell: Mephitic Cloud
   591 | D        | Found a hide-covered altar of Uskayaw.
   591 | D        | Found an iron altar of Okawaru.
   592 | D        | Found a roughly hewn altar of Beogh.
   592 | D        | Found a bloodstained altar of Trog.
   592 | D        | Found an ornate altar of the Wu Jian Council.
   592 | D        | Noticed a human
   592 | D        | Noticed a human
   603 | D        | Killed a human
   603 | D        | Reached ** piety under Sif Muna
   603 | D        | Reached skill level 1 in Air Magic
   610 | D        | Killed a human
   610 | D        | Reached skill level 8 in Unarmed Combat
   715 | D        | Learned a level 2 spell: Blink
   771 | D        | Found a basalt altar of Yredelemnul.
   771 | D        | Found a shadowy altar of Dithmenos.
   771 | D        | Found a sacrificial altar of Ru.
   774 | D        | Reached skill level 5 in Stealth
   917 | D        | Noticed a shadow
   928 | D        | Killed a shadow
   928 | D        | Reached XP level 8. HP: 34/70 MP: 15/19
   939 | D        | Found a blossoming altar of Fedhas.
   939 | D        | Found a stormy altar of Qazlal.
   939 | D        | Found a snail-covered altar of Cheibriados.
   939 | D        | Found a burning altar of Makhleb.
   939 | D        | Found a shimmering altar of Xom.
  1128 | D        | Found a hazy altar of Hepliaklqana.
  1128 | D        | Found an opulent altar of Gozag.
  1128 | D        | Found a sparkling altar of Nemelex Xobeh.
  1128 | D        | Found a corrupted altar of Lugonu.
  1128 | D        | Found a viscous altar of Jiyva.
  1167 | D        | Found Yceat's Antique Weapon Boutique.
  1169 | D        | Noticed Josephine
  1178 | D        | Killed Josephine
  1178 | D        | Reached *** piety under Sif Muna
  1178 | D        | Reached skill level 9 in Unarmed Combat
  1178 | D        | Reached skill level 5 in Ice Magic
  1178 | D        | Reached skill level 5 in Poison Magic
  1178 | D        | Reached XP level 9. HP: 78/78 MP: 15/21
  1285 | D        | Reached **** piety under Sif Muna
  1330 | D        | Noticed a centaur warrior
  1344 | D        | Killed a centaur warrior
  1458 | D        | Learned a level 3 spell: Conjure Flame
  1499 | D        | Killed an unseen horror
  1499 | D        | Reached skill level 10 in Unarmed Combat
  1645 | D        | Noticed a queen bee
  1650 | D        | Reached ***** piety under Sif Muna
  1652 | D        | Received a gift from Sif Muna
  1659 | D        | Killed a queen bee
  1687 | D        | Reached XP level 10. HP: 70/88 MP: 23/23
  1694 | D        | Reached skill level 5 in Air Magic
  1709 | D        | Identified Cunlefuo's Disquisition on the Voyage and Battle Magic (Sif Muna gifted it to you in the Dungeon)
  1709 | D        | Received a gift from Sif Muna
  1836 | D        | Learned a level 2 spell: Passwall
  2217 | D        | Reached skill level 10 in Dodging
  2330 | D        | Noticed a spiny frog
  2330 | D        | Noticed a spiny frog
  2332 | D        | Killed a spiny frog
  2332 | D        | Reached skill level 11 in Unarmed Combat
  2332 | D        | Reached skill level 10 in Spellcasting
  2332 | D        | Reached skill level 1 in Earth Magic
  2335 | D        | Killed a spiny frog
  2338 | D        | Identified Sif Muna's Almanac of Damage Dealing (Sif Muna gifted it to you in the Dungeon)
  2338 | D        | Received a gift from Sif Muna
  2826 | D        | Demolished by a tyrant leech

Vault maps used:
D:        dungeon_sprint_mu

Skill      XL: |  1  2  3  4  5  6  7  8  9 10 |
---------------+-------------------------------+-----
Dodging        | 3 4 6 7 8 9 10 | 10.2
Fighting       | 2 3 5 6 7 8 |  8.5
Stealth        | 1 2 4 5 6 7 |  7.7
Unarmed Combat | 4 5 7 8 9 10 11 | 11.2
Spellcasting   | 3 4 6 7 8 9 10 | 10.2
Transmutations | 3 5 6 7 |  7.9
Poison Magic   | 1 3 4 5 6 7 |  7.4
Ice Magic      | 3 4 5 6 7 |  7.2
Air Magic      | 2 3 4 5 |  5.9
Earth Magic    | 1 |  1.7

Action                   |  1- 3 |  4- 6 |  7- 9 | 10-12 || total
-------------------------+-------+-------+-------+-------++-------
Melee: Unarmed           |    33 |     8 |    99 |   100 ||   240
       Headbutt          |     6 |       |     3 |     5 ||    14
       Tailslap          |     3 |       |     6 |     6 ||    15
       Kick              |     1 |       |       |       ||     1
       Punch             |       |       |       |     1 ||     1
 Cast: Beastly Appendage |     4 |       |       |       ||     4
       Sticks to Snakes  |     5 |       |       |       ||     5
       Spider Form       |     1 |     2 |     3 |     2 ||     8
       Blade Hands       |       |       |     6 |     6 ||    12
       Ice Form          |       |       |     1 |       ||     1
       Mephitic Cloud    |       |       |     1 |       ||     1
  Use: Scroll            |     3 |       |       |       ||     3
       Potion            |     1 |       |     2 |     4 ||     7
 Stab: Sleeping          |     1 |     3 |     1 |     1 ||     6
       Confused          |       |       |     3 |       ||     3
  Eat: Chunk             |       |       |     3 |       ||     3
       Ration            |       |       |     1 |     2 ||     3
Armor: Skin              |     4 |       |     7 |     4 ||    15
Dodge: Dodged            |    20 |     2 |    95 |    84 ||   201

Table legend:
 A = Spawn XP
 B = Non-spawn XP
 C = Spawn XP percentage of total XP
 D = Spawn monster count
 E = Non-spawn monster count
 F = Spawn count percentage of total count
 G = Total turns spent on level
                    A         B        C        D         E        F      G
               +---------+---------+-------+---------+---------+-------+---------
         Total |       0 |    9041 |   0.0 |       0 |      63 |   0.0 |  2826
               +---------+---------+-------+---------+---------+-------+---------
             D |       0 |    9041 |   0.0 |       0 |      63 |   0.0 |  2826
               +---------+---------+-------+---------+---------+-------+---------
